 Dungeon Crawl Stone Soup version 0.30-b1-2-g02819fbbbe (webtiles) character file.

Game seed: 3772286012350785394

197 Anon1729 the Trooper (level 5, -1/47 HPs)
             Began as a Minotaur Monk on Aug 23, 2023.
             Slain by an ogre
             ... wielding a +0 giant spiked club
              (27 damage)
             ... on level 4 of the Dungeon.
             The game lasted 00:01:24 (2642 turns).

Anon1729 the Trooper (Minotaur Monk)                Turns: 2642, Time: 00:01:24

Health: -1/47      AC:  5    Str: 16    XL:     5   Next: 46%
Magic:  5/5        EV: 13    Int:  7    God:
Gold:   128        SH:  0    Dex: 14    Spells: 4/4 levels left

rFire   . . .        a - +0 short sword
rCold   . . .        d - orb {light}
rNeg    . . .        k - +1 leather armour {rPois}
rPois   +            (helmet restricted)
rElec   .            (no cloak)
rCorr   .            (no gloves)
SInv    .            l - +0 pair of boots
Will    .....        (no amulet)
Stlth   +            (no ring)
HPRegen 0.27/turn    (no ring)
MPRegen 0.09/turn

%: no passive effects
@: glowing
A: horns 2, retaliatory headbutt
a: no special abilities


You were on level 4 of the Dungeon.
You visited 1 branch of the dungeon, and saw 4 of its levels.

You collected 128 gold pieces.

Inventory:

Hand Weapons
 a - a +0 short sword (weapon)
Armour
 b - a +0 robe
 d - an orb of light (worn)
 k - a +1 leather armour of poison resistance (worn)
 l - a +0 pair of boots (worn)
Jewellery
 q - an amulet of faith
Wands
 o - a wand of paralysis (12)
 t - a wand of polymorph (12)
Scrolls
 e - a scroll of identify {unknown}
 h - 2 scrolls of blinking {unknown}
 i - a scroll of noise {unknown}
 j - 5 scrolls of teleportation {unknown}
 r - a scroll of fear {unknown}
 s - a scroll of butterflies {unknown}
 u - a scroll of enchant weapon {unknown}
Potions
 f - 2 potions of degeneration {unknown}
 g - a potion of brilliance {unknown}
 m - 3 potions of invisibility {unknown}
 n - 2 potions of curing {unknown}
 p - a potion of haste {unknown}


   Skills:
 + Level 4.6 Fighting
 + Level 4.2 Short Blades
 + Level 2.6 Armour
 + Level 4.2 Dodging
 + Level 2.1 Invocations


You had 4 spell levels left.
You didn't know any spells.
Your spell library contained the following spells:

 Spells                   Type           Power      Damage    Failure   Level
 Apportation              Tloc           0%         N/A       50%         1
 Necrotise                Necr           0%         1d4       50%         1
 Summon Small Mammal      Summ           0%         N/A       50%         1
 Ensorcelled Hibernation  Hex/Ice        0%         N/A       63%         2
 Spider Form              Tmut/Pois      0%         N/A       86%         3
 Anguish                  Hex/Necr       0%         N/A       99%         4


Dungeon Overview and Level Annotations

Branches:
Dungeon (4/15)
 Temple: D:4-7

Altars:
Dithmenos
Elyvilon
Fedhas
Kikubaaqudgha

Annotations:
D:4 3 runed translucent doors


Innate Abilities, Weirdness & Mutations

You have a pair of horns on your head.
You reflexively headbutt those who attack you in melee.


Message History

You are too injured to fight recklessly!
The hobgoblin shouts!
You hit the ogre.
The ogre is moderately wounded.
You hit the ogre.
The ogre is heavily wounded.
The ogre hits you with a +0 giant spiked club!
* * * LOW HITPOINT WARNING * * *
You are confused.
You feel invigorated.
You hit the ogre. Your headbutt misses the ogre.
The ogre is heavily wounded.
The goblin hits you but does no damage. The ogre misses you.
You bump into the rock wall.
The goblin hits you but does no damage. The ogre barely misses you.
You hit the ogre.
The ogre is heavily wounded.
The goblin closely misses you.
You hit the ogre. You headbutt the ogre.
The ogre is almost dead.
The ogre hits you with a +0 giant spiked club!
* * * LOW HITPOINT WARNING * * *
The hobgoblin attacks as you move away! The hobgoblin closely misses you.
The goblin closely misses you. The hobgoblin attacks as you move away!
The hobgoblin hits you but does no damage.
The goblin unwields a +0 club.
The goblin wields a +0 sling.
The goblin shoots a sling bullet.
The sling bullet closely misses you. The hobgoblin attacks as you move away!
The hobgoblin closely misses you.
You feel less invigorated.
You feel less confused.
You hit the hobgoblin. Your headbutt misses the hobgoblin.
The hobgoblin is moderately wounded.
The hobgoblin misses you. You furiously retaliate!
You headbutt the hobgoblin.
You kill the hobgoblin!
The goblin unwields a +0 sling.
The goblin wields a +0 club.
The goblin hits you but does no damage.
The ogre hits you with a +0 giant spiked club!!
Ouch! That really hurt!
You die...

##..##.# ### ##..##
##.###### ##.####
###...#. #.##
####.....###.....#.
###
#.#|...........#.+.
##.)........^...#.+.
#......####...#...+.
#......# ##..##..#.
##......# #...##.#.
#...@...# ##..# .##
#..Og...# #..# ..
#..##....# ##.. .
...(. #....# #####.
#....# #. ##...# ##
...# .... .....


You could see an ogre and a goblin.

Vanquished Creatures
  A hound (D:4)
  An orc priest (D:3)
  2 adders
  3 gnolls (D:3)
  2 worms (D:2)
  2 dart slugs
  10 orcs
  5 bats
  8 endoplasms
  5 giant cockroaches
  7 goblins
  3 hobgoblins
  7 kobolds
  2 quokkas (D:1)
  4 ball pythons
  A frilled lizard (D:3)
  4 rats
67 creatures vanquished.

Vanquished Creatures (others)
  5 toadstools (D:1)
5 creatures vanquished.

Grand Total: 72 creatures vanquished

Notes
Turn   | Place    | Note
-------+----------+-------------------------------------------
     0 | D:1      | Anon1729 the Minotaur Monk began the quest for the Orb.
     0 | D:1      | Reached XP level 1. HP: 19/19 MP: 0/0
   180 | D:1      | Reached XP level 2. HP: 27/27 MP: 1/1
   315 | D:1      | Reached skill level 1 in Armour
   986 | D:2      | Reached skill level 1 in Invocations
   990 | D:2      | Reached XP level 3. HP: 20/33 MP: 2/2
  1686 | D:3      | Reached XP level 4. HP: 40/40 MP: 4/4
  1811 | D:3      | Found a faded altar of an unknown god.
  1926 | D:3      | Found a white marble altar of Elyvilon.
  2200 | D:3      | Found an ancient bone altar of Kikubaaqudgha.
  2212 | D:3      | Found a shadowy altar of Dithmenos.
  2267 | D:3      | Found a blossoming altar of Fedhas.
  2331 | D:4      | Reached XP level 5. HP: 44/47 MP: 5/5
  2594 | D:4      | Found a runed translucent gate.
  2595 | D:4      | Found a runed translucent gate.
  2596 | D:4      | Found a runed translucent gate.
  2621 | D:4      | Noticed an ogre
  2642 | D:4      | Slain by an ogre

Illustrated notes

Levels and vault maps discovered:
D:1:      ldierk_walled_garden, layout_loops_cross, roderic_serpentine_path
D:2:      layout_basic, hangedman_glass_teeth
D:3:      layout_rooms, nicolae_overflow_quartered_altars, serial_bayou,
          serial_bayou_shore_a, serial_bayou_pond_d, serial_bayou_pond_c,
          serial_bayou_shore_b, basic_ecumenical_altar, skrybe_limestone_x
D:4:      layout_layer_cave, minmay_temple_entry_poolview, gammafunk_ghost_icy

Skill      XL: |  1  2  3  4  5 |
---------------+----------------+-----
Armour         | 1 2 |  2.6
Invocations    | 1 2 |  2.1
Fighting       | 4 |  4.6
Dodging        | 4 |  4.2
Short Blades   | 4 |  4.2

Action                     |  1- 3 |  4- 6 || total
---------------------------+-------+-------++-------
  Melee: Short sword       |    96 |    66 ||   162
         Headbutt          |    29 |    20 ||    49
    Use: Potion            |       |     1 ||     1
 Armour: Robe              |     2 |       ||     2
         Leather armour    |    17 |    18 ||    35
  Dodge: Dodged            |    61 |    56 ||   117
